 Dungeon Sprint DCSS version 0.20.1-1-g8b1a95d (webtiles) character file.

85 groucho the Covert (level 4, -12/18 HPs)
             Began as a Felid Enchanter on Nov 26, 2017.
             Was a Believer of Uskayaw.
             Mangled by a ghost moth (13 damage)
             ... while paralysed by a hornet
             ... in the Dungeon (Sprint IV: "Fedhas' Mad Dash").
             The game lasted 00:02:35 (679 turns).

groucho the Covert (Felid Enchanter)                 Turns: 679, Time: 00:02:35

Health: -12/18     AC:  1    Str:  5    XL:     4   Next: 25%
Magic:  1/11       EV:  4    Int: 16    God:    Uskayaw [**....]
Gold:   48         SH:  0    Dex: 17    Spells: 0/12 levels left
                                        Lives:  0   Deaths: 1

rFire    . . .     SeeInvis +     - Unarmed
rCold    . . .     Gourm    .   (shield unavailable)
rNeg     . . .     Faith    .   (armour unavailable)
rPois    .         Spirit   .   (helmet unavailable)
rElec    .         Reflect  .   (cloak unavailable)
rCorr    .         Harm     .   (gloves unavailable)
MR       .....     NoTele   +   (boots unavailable)
Stlth    ++++++....             i - amulet of invisibility {+Inv}
Regen    0.1/turn               (no ring)
MPRegen  0.2/turn               (no ring)

@: paralysed, very slightly contaminated, invisible, quick
A: no armour, no weapons or thrown items, stealth, claws 1, fangs 3, see
invisible, carnivore 3, speed 1, shaggy fur 1, slow metabolism 1, sharp paws
a: Stomp, Line Pass, Renounce Religion


You were in the Dungeon.
You worshipped Uskayaw.
Uskayaw was noncommittal.
You were not hungry.

You visited 1 branch You collected 48 gold pieces.

Inventory:

Jewellery
 i - the amulet of invisibility (around neck) {+Inv}
   (You found it in the Dungeon)

   [amulet of nothing]

   It lets you turn invisible.
Scrolls
 g - a scroll of magic mapping {unknown}
 h - a scroll of blinking
 j - a scroll of random uselessness {unknown}
Potions
 d - a potion of heal wounds
 f - 2 potions of magic
Books
 a - a book of Maledictions

   Spells                             Type                      Level
   a - Corona                         Hexes                        1
   b - Ensorcelled Hibernation        Hexes/Ice                    2
   c - Confuse                        Hexes                        3
   d - Tukima's Dance                 Hexes                        3
   e - Dazzling Spray                 Conjuration/Hexes            3
Comestibles
 b - a meat ration


   Skills:
 - Level 2.6 Dodging
 * Level 12.0 Stealth
 - Level 1.0 Unarmed Combat
 + Level 4.9 Spellcasting
 + Level 8.3 Hexes


You couldn't memorise any spells.
You knew the following spells:

 Your Spells              Type           Power        Failure   Level  Hunger
a - Corona                Hex            ####...      1%          1    None
b - Ensorcelled Hibernat  Hex/Ice        ###...       4%          2    ##.....
c - Confuse               Hex            ####....     1%          3    ###....
d - Dazzling Spray        Conj/Hex       ###...       9%          3    ###....
e - Tukima's Dance        Hex            ####....     1%          3    ###....


Dungeon Overview and Level Annotations

Branches:
Dungeon (1/1)

Altars:
Cheibriados
Dithmenos
Elyvilon
Gozag
Hepliaklqana
Kikubaaqudgha
Makhleb
Nemelex Xobeh
Okawaru
Qazlal
Ru
Sif Muna
Trog
Uskayaw
Vehumet
Xom
Yredelemnul
Zin
The Shining One
Beogh
Jiyva
Lugonu

Shops:
D *?*


Innate Abilities, Weirdness & Mutations

You cannot wear armour.
You are incapable of wielding weapons or throwing items.
Your paws allow you to move quietly. (Stealth)
You have sharp claws.
You have razor-sharp teeth.
You have supernaturally acute eyesight. (SInv)
You are carnivorous and can eat meat at any time.
You cover ground quickly.
You are covered in fur. (AC +1)
You have a slow metabolism.
Your sharp claws are effective at attacking unaware monsters.


Message History

Unknown command.
Unknown command.
You feel better. The ghost moth stares at you.
You feel your power leaking away.
You fade into invisibility!
You are very lightly contaminated with residual magic.
You feel somewhat more hungry.
You hear an angry buzzing noise.
The hornet stings you!
Ouch! That really hurt!
You suddenly lose the ability to move!
The demonic crawler hits you but does no damage.
The demonic crawler hits you.
* * * LOW HITPOINT WARNING * * *
The demonic crawler hits you.
* * * LOW HITPOINT WARNING * * *
The ghost moth hits you!
Ouch! That really hurt!
You die...

#%yyy†.♣.....#$.$######
#...y.♣..♣..######
##+####+#####
##############
#%%...........
#∩...yPP......
#∩...y@..i....
#∩...s........
###########+##


You could see a ghost moth (invisible), a demonic crawler, a hornet, an active
ballistomycete and a spriggan.

Vanquished Creatures
  4 oklob saplings (D)
  A worker ant (D)
  A river rat (D)
  A rat (D)
  A ballistomycete spore (D)
8 creatures vanquished.

Notes
Turn   | Place    | Note
-------+----------+-------------------------------------------
     0 | D        | groucho the Felid Enchanter began the quest for the Orb.
     0 | D        | Reached XP level 1. HP: 7/7 MP: 4/4
    15 | D        | Reached skill level 7 in Stealth
    15 | D        | Reached XP level 2. HP: 11/11 MP: 6/6
    94 | D        | Learned a level 2 spell: Ensorcelled Hibernation
    94 | D        | Noticed an oklob sapling
    95 | D        | Killed an oklob sapling
    95 | D        | Reached skill level 8 in Stealth
    95 | D        | Reached skill level 5 in Hexes
    95 | D        | Reached XP level 3. HP: 14/14 MP: 8/8
    99 | D        | Reached skill level 9 in Stealth
   117 | D        | Found an opulent altar of Gozag.
   117 | D        | Found a hazy altar of Hepliaklqana.
   117 | D        | Found a burning altar of Makhleb.
   117 | D        | Found a sparkling altar of Nemelex Xobeh.
   117 | D        | Found a sacrificial altar of Ru.
   117 | D        | Found a deep blue altar of Sif Muna.
   117 | D        | Found a shimmering altar of Xom.
   117 | D        | Found a basalt altar of Yredelemnul.
   118 | D        | Found a viscous altar of Jiyva.
   118 | D        | Found a roughly hewn altar of Beogh.
   118 | D        | Found a snail-covered altar of Cheibriados.
   118 | D        | Found a bloodstained altar of Trog.
   118 | D        | Noticed an oklob sapling priest
   119 | D        | Found an iron altar of Okawaru.
   119 | D        | Found a shadowy altar of Dithmenos.
   119 | D        | Found a glowing silver altar of Zin.
   120 | D        | Found an ancient bone altar of Kikubaaqudgha.
   120 | D        | Found a hide-covered altar of Uskayaw.
   121 | D        | Found a stormy altar of Qazlal.
   121 | D        | Found a white marble altar of Elyvilon.
   121 | D        | Found a glowing golden altar of the Shining One.
   122 | D        | Found a corrupted altar of Lugonu.
   122 | D        | Found a radiant altar of Vehumet.
   125 | D        | Killed an oklob sapling priest
   125 | D        | Reached skill level 10 in Stealth
   125 | D        | Reached XP level 4. HP: 18/18 MP: 7/11
   129 | D        | Became a worshipper of Uskayaw the Reveler
   406 | D        | Reached skill level 11 in Stealth
   406 | D        | Reached XP level 5. HP: 21/21 MP: 9/12
   406 | D        | Reached * piety under Uskayaw
   439 | D        | Learned a level 3 spell: Confuse
   443 | D        | Learned a level 3 spell: Dazzling Spray
   447 | D        | Learned a level 3 spell: Tukima's Dance
   655 | D        | Reached skill level 12 in Stealth
   662 | D        | Noticed a queen bee
   673 | D        | Reached ** piety under Uskayaw
   676 | D        | Mangled by a killer bee
   677 | D        | Reached XP level 4. HP: -6/18 MP: 6/11
   677 | D        | Found Tarem's Magic Scroll Boutique.
   677 | D        | Found Xymu's General Store.
   677 | D        | Found Boufrufu's General Store.
   677 | D        | Noticed a hornet
   677 | D        | Noticed a demonic crawler
   677 | D        | Noticed a spriggan
   677 | D        | Noticed a ghost moth
   679 | D        | Paralysed by a hornet for 2 turns
   679 | D        | Mangled by a ghost moth

Skill      XL: |  1  2  3  4  5 |
---------------+----------------+-----
Stealth        | 7 8 10 11 12 | 12.0
Hexes          | 5 7 8 |  8.3
Spellcasting   | 4 |  4.9
Dodging        | |  2.6
Unarmed Combat | |  1.0

Action                   |  1- 3 |  4- 6 || total
-------------------------+-------+-------++-------
Melee: Unarmed           |     7 |     5 ||    12
 Cast: Dazzling Spray    |       |     2 ||     2
 Abil: Evoke Invisibilit |     1 |     3 ||     4
  Use: Potion            |     1 |     2 ||     3
 Stab: Sleeping          |     3 |     3 ||     6
       Invisible         |       |     1 ||     1
Armor: Skin              |     1 |     2 ||     3
Dodge: Dodged            |     3 |     9 ||    12
